 Dungeon Crawl Stone Soup version 0.14-a0-519-g334afa2 (webtiles) character file.

1838 MackTheKnife the Magician (level 8, -1/45 HPs)
             Began as an Octopode Wizard on Nov 1, 2013.
             Was a High Priest of Cheibriados.
             Slain by a centaur (6 damage)
             ... on Level 7 of the Dungeon.
             The game lasted 00:26:44 (10450 turns).

MackTheKnife the Magician (Octopode Wizard)        Turns: 10450, Time: 00:26:44

HP  -1/45        AC  1     Str 18      XL: 8   Next: 86%
MP  13/22        EV 15     Int 38      God: Cheibriados [*****.]
Gold 299         SH  0     Dex 21      Spells:  5 memorised, 10 levels left

Res.Fire  : . . .   See Invis. : +   C - +3 orc halberd (freeze)
Res.Cold  : . . .   Warding    : .   (no shield)
Life Prot.: . . .   Conserve   : .   b - +0 wizard hat (curse)
Res.Poison: .       Res.Corr.  : .   (no amulet)
Res.Elec. : .       Clarity    : .   t - ring of see invisible
Sust.Abil.: . .     Spirit.Shd : .   w - cursed ring of invisibility
Res.Mut.  : .       Stasis     : .   B - ring of protection from magic
Res.Rott. : .       Flight     : .   m - +2,+5 ring of slaying
Saprovore : . . .                    (no ring)
                                     (no ring)
                                     (no ring)
                                     (no ring)

@: invisible, brilliant, quite poisoned, very slightly contaminated, slowed,
very slow, quite resistant to hostile enchantments, quite stealthy
A: almost no armour, amphibious, 8 rings, constrict 8, camouflage 1, blurry
vision 1, deformed body, spit poison 1, AC +1
a: Spit Poison, Bend Time, Temporal Distortion, Slouch, Step From Time, Renounce
Religion


You were on level 7 of the Dungeon.
You worshipped Cheibriados.
Cheibriados was extremely pleased with you.
You were not hungry.

You visited 1 branch of the dungeon, and saw 7 of its levels.
You also visited: Ossuary.

You collected 299 gold pieces.


Innate Abilities, Weirdness & Mutations

You cannot wear most types of armour.
You are amphibious.
You can wear up to eight rings at the same time.
You can use your tentacles to constrict many enemies at once.
Your skin changes colour to match your surroundings (Stlth).
Your rubbery body absorbs attacks (AC +1).
Your vision is a little blurry.
Your body is misshapen.
You can spit poison.


   Skills:
 + Level 3.8 Dodging
 - Level 2.6 Stealth
 + Level 7.1 Spellcasting
 + Level 6.6 Conjurations
 - Level 3.1 Summonings
 - Level 1.0 Translocations


You had 10 spell levels left.
You knew the following spells:

 Your Spells              Type           Power        Failure   Level  Hunger
b - Blink                 Tloc           N/A          1%          2    None
c - Mephitic Cloud        Conj/Pois/Air  ######..     1%          3    None
v - Conjure Flame         Conj/Fire      ######..     1%          3    None
x - Call Imp              Summ           ######....   1%          2    None
z - Magic Dart            Conj           ####         1%          1    None

Inventory:

Hand weapons
 y - a +3 blowgun
 C - a +3,+3 orcish halberd of freezing (weapon)
Missiles
 f - 16 poisoned needles
 k - 3 needles of slowing
Armour
 b - a cursed +0 wizard hat (worn)
 s - a +0 buckler
Magical devices
 E - a wand of disintegration (15)
Comestibles
 d - 4 bread rations
 l - 4 meat rations
 q - 4 apples
 A - a choko
Scrolls
 a - 2 scrolls of remove curse
 i - 2 scrolls of enchant weapon II
 j - a scroll of identify
 F - a scroll of teleportation
Jewellery
 m - a +2,+5 ring of slaying (on tentacle)
 t - a ring of see invisible (left tentacle)
 w - a cursed ring of invisibility (right tentacle)
 B - a ring of protection from magic (on tentacle)
Potions
 e - a potion of resistance
 h - 2 potions of restore abilities
 n - a potion of agility {unknown}
 p - 2 potions of magic
 r - 2 potions of invisibility
 x - a potion of poison {!q}
Books
 c - a book of Minor Magic

   Spells                             Type                      Level
   *Magic Dart                        Conjuration                  1
   *Blink                             Translocation                2
   *Call Imp                          Summoning                    2
   Repel Missiles                     Charms/Air                   2
   Slow                               Hexes                        2
   *Conjure Flame                     Conjuration/Fire             3
   *Mephitic Cloud                    Conjuration/Poison/Air       3

▒·▒
·▒▒▒▒▒▒▒·▒▒▒▒▒▒
··············▒
·····▒▒▒▒·▒▒▒▒·▒
%·········▒▒▒▒·▒▒
·················
··▒·▒▒▒▒··▒▒▒▒·▒▒
▒·c·▒ ▒·x·▒ ▒k5·▒
▒··k▒ ▒·k·▒ ▒···▒
▒···▒▒▒·▒▒
▒▒▒%·····▒
··············▒
··▒▒▒▒▒······▒


You could see a centaur, 3 killer bees and a friendly crimson imp.


Message History

Drink which item? (? for menu, Esc to quit)
You fade into invisibility!
The killer bee misses you. The centaur hits you.
* * * LOW HITPOINT WARNING * * *
The killer bee is engulfed in noxious fumes.
The killer bee appears confused.
The killer bee stings the killer bee.
The killer bee barely misses you. The centaur misses you.
The killer bee stings you.
* * * LOW HITPOINT WARNING * * *
You are more poisoned.
The killer bee poisons you! The centaur misses you.
You are very lightly contaminated with residual magic.
Are you sure you want to stumble around while confused and next to your crimson imp?
Okay, then.
Drink which item? (? for menu, Esc to quit)
You feel extremely strange.
Your vision blurs.
There is a nasty taste in your mouth for a moment.
Your body twists and deforms.
It was a potion of mutation.
The killer bee completely misses you. The centaur completely misses you.
The killer bee completely misses you.
Your crimson imp hits the killer bee.
The killer bee misses you. The centaur hits you!
* * * LOW HITPOINT WARNING * * *
Drink which item? (? for menu, Esc to quit)
You feel more clever all of a sudden.
It was a potion of brilliance.
You feel less confused. The killer bee barely misses you. The centaur hits you.
You die...

Action                   |  1- 3 |  4- 6 |  7- 9 || total
-------------------------+-------+-------+-------++-------
Melee: Dagger            |    58 |    17 |       ||    75
       Battleaxe         |       |     8 |       ||     8
       Trident           |       |       |    56 ||    56
       Halberd           |       |       |    28 ||    28
 Fire: Blowgun           |       |     9 |       ||     9
 Cast: Magic Dart        |    49 |   140 |   132 ||   321
       Call Imp          |     2 |    38 |    23 ||    63
       Conjure Flame     |       |     4 |    14 ||    18
       Mephitic Cloud    |       |       |     6 ||     6
Evoke: Wand              |       |       |     1 ||     1
  Use: Scroll            |     1 |    14 |     8 ||    23
       Potion            |     1 |       |     8 ||     9
 Stab: Sleeping          |     4 |     1 |     9 ||    14

Vault maps used:
D:1:      lemuel_entry_rhombus, roderic_lattice_a, okawaru_ov_weapons_minmay
D:2:      lemuel_round_altar, first_bread
D:3:      uniq_terence
D:4:      minmay_opposing_rooms, fiery_altar_vehumet,
          grunt_temple_overflow_cloverleaf, minmay_temple_entry_grid,
          enter_ossuary_1
D:5:      infiniplex_staircase_squiggle
D:6:      gammafunk_temple_overflow_wave, orc_0_dummy, minmay_misc_feat_doors
D:7:      grunt_ogre_cave
Ossuary:  ossuary_zaba_flooded

Notes
Turn   | Place    | Note
--------------------------------------------------------------
     0 | D:1      | MackTheKnife, the Octopode Wizard, began the quest for the Orb.
     0 | D:1      | Reached XP level 1. HP: 9/9 MP: 5/5
   312 | D:1      | Reached XP level 2. HP: 13/15 MP: 7/7
   316 | D:1      | Learned a level 2 spell: Call Imp
   361 | D:1      | Found an iron altar of Okawaru.
  1008 | D:2      | Reached XP level 3. HP: 8/19 MP: 9/9
  1274 | D:2      | Found a snail-covered altar of Cheibriados.
  1301 | D:2      | Became a worshipper of Cheibriados the Contemplative
  2109 | D:2      | Learned a level 3 spell: Conjure Flame
  2113 | D:2      | Learned a level 3 spell: Mephitic Cloud
  2133 | D:2      | Reached skill level 2 in Summonings
  2380 | D:2      | Reached skill level 2 in Conjurations
  2380 | D:2      | Reached XP level 4. HP: 21/25 MP: 11/11
  2667 | D:2      | Acquired Cheibriados' first power
  3113 | D:3      | Noticed Terence
  3482 | D:3      | Reached skill level 4 in Spellcasting
  3570 | D:3      | Reached XP level 5. HP: 29/29 MP: 4/14
  3942 | D:3      | Killed Terence
  4547 | D:4      | Found a sand-covered staircase.
  4559 | D:4      | Reached skill level 3 in Conjurations
  4738 | Ossuary  | Entered an ossuary
  4772 | Ossuary  | Reached XP level 6. HP: 14/35 MP: 3/16
  4919 | Ossuary  | Reached skill level 3 in Summonings
  5363 | D:4      | Found a staircase to the Ecumenical Temple.
  5402 | D:4      | Found a radiant altar of Vehumet.
  5890 | D:4      | Found a deep blue altar of Sif Muna.
  5893 | D:4      | Found a glowing silver altar of Zin.
  5896 | D:4      | Found a bloodstained altar of Trog.
  5910 | D:4      | Found a glowing golden altar of the Shining One.
  5917 | D:4      | Reached skill level 5 in Spellcasting
  5917 | D:4      | Reached skill level 4 in Conjurations
  6001 | D:4      | Noticed an ogre
  6013 | D:4      | Killed an ogre
  6013 | D:4      | Reached XP level 7. HP: 39/39 MP: 6/19
  6309 | D:4      | Acquired Cheibriados' second power
  6505 | D:4      | Noticed an ogre
  6509 | D:4      | Killed an ogre
  6885 | D:3      | Reached skill level 5 in Conjurations
  7098 | D:5      | Entered Level 5 of the Dungeon
  7348 | D:5      | Noticed a wraith
  7670 | D:4      | HP: 3/39 [poisoned by a centaur]
  7689 | D:4      | HP: 3/39 [poisoned by a centaur]
  7695 | D:4      | HP: 3/39 [poisoned by a centaur]
  7706 | D:4      | HP: 3/39 [poisoned by a centaur]
  7715 | D:4      | HP: 3/39 [poisoned by a centaur]
  7720 | D:4      | HP: 3/39 [poisoned by a centaur]
  7726 | D:4      | HP: 3/39 [poisoned by a centaur]
  7731 | D:4      | HP: 1/39 [poisoned by a centaur]
  8120 | D:5      | Reached skill level 6 in Spellcasting
  8142 | D:5      | Killed a wraith
  8142 | D:5      | Reached XP level 8. HP: 8/45 MP: 7/21
  8592 | D:5      | Acquired Cheibriados' third power
  8670 | D:5      | Learned a level 2 spell: Blink
  9151 | D:6      | Reached skill level 6 in Conjurations
  9302 | D:6      | Identified a scroll of acquirement
  9486 | D:6      | Reached skill level 3 in Dodging
  9954 | D:6      | Found a staircase to the Orcish Mines.
  9954 | D:6      | Paralysed by a giant eyeball for 3 turns
 10095 | D:6      | Reached skill level 7 in Spellcasting
 10220 | D:6      | Found a shimmering altar of Xom.
 10220 | D:6      | Found a basalt altar of Yredelemnul.
 10431 | D:7      | Acquired Cheibriados' fourth power
 10446 | D:7      | HP: 4/45 [poison (a potion of poison)]
 10449 | D:7      | Gained mutation: Your vision is a little blurry. [potion of mutation]
 10449 | D:7      | Gained mutation: You can spit poison. [potion of mutation]
 10449 | D:7      | Gained mutation: Your body is misshapen. [potion of mutation]
 10450 | D:7      | Slain by a centaur

Vanquished Creatures
  A sky beast (D:6)
  An orc warrior (D:6)
  2 ogres (D:4)
  A giant frog (D:6)
  A crimson imp (D:7)
  A goliath beetle (D:6)
  3 hounds (D:4)
  An orc priest (D:6)
  5 orc wizards
  A jelly (D:6)
  A centaur skeleton (D:4)
  2 scorpions
  5 worker ants
  An ogre zombie (Ossuary)
  2 hound skeletons
  6 adders
  A giant mite (D:2)
  A worm zombie (Ossuary)
  5 worms
  A giant eyeball (D:6)
  5 giant geckos
  An ooze (D:3)
  14 orcs
  A ball python (D:3)
  5 giant cockroaches
  12 goblins
  11 hobgoblins
  11 jackals
  3 quokkas
  19 bats
  3 giant newts
  A giant newt zombie (Ossuary)
  A goblin skeleton (D:5)
  A jackal zombie (Ossuary)
  3 kobolds
  A quokka skeleton (D:4)
  A quokka zombie (Ossuary)
  17 rats
  2 rat skeletons
154 creatures vanquished.

Vanquished Creatures (collateral kills)
  A wraith (D:5)
  A centaur (D:5)
  A killer bee (D:7)
  A centaur zombie (Ossuary)
  A jelly (D:3)
  A giant frog zombie (Ossuary)
  A centaur skeleton (D:4)
  An orc wizard (D:3)
  A hound zombie (Ossuary)
  Terence (D:3)
  5 mummies (Ossuary)
  2 adders
  A giant mite (D:2)
  A worm (D:2)
  6 orcs
  A hobgoblin (D:2)
  A giant newt (D:2)
  A quokka (D:2)
  A rat (D:4)
29 creatures vanquished.

Vanquished Creatures (others)
  8 crimson imps
  An adder (D:4)
  8 white imps
  3 shadow imps
  An orc (D:4)
  A plant (Ossuary)
22 creatures vanquished.

Grand Total: 205 creatures vanquished
